 Dungeon Crawl Stone Soup version 0.23-a0-635-g88ca12a7de (webtiles) character file.

7 Adamkad1 the Caller (level 1, -1/13 HPs)
             Began as a Vampire Summoner on Dec 27, 2018.
             Killed from afar by a dart slug (3 damage)
             ... with a slug dart
             ... on level 1 of the Dungeon.
             The game lasted 00:00:38 (905 turns).

Adamkad1 the Caller (Vampire Summoner)               Turns: 905, Time: 00:00:39

Health: -1/13      AC:  2    Str:  7    XL:     1   Next: 91%
Magic:  2/3        EV: 12    Int: 17    God:
Gold:   13         SH:  0    Dex: 14    Spells: 3/4 levels left

rFire    . . .     SeeInvis +   (no weapon)
rCold    . . .     Gourm    .   (no shield)
rNeg     + . .     Faith    .   a - +0 robe
rPois    .         Spirit   .   (no helmet)
rElec    .         Reflect  .   (no cloak)
rCorr    .         Harm     .   (no gloves)
MR       .....                  (no boots)
Stlth    ++........             (no amulet)
HPRegen  0.04/turn              (no ring)
MPRegen  0.08/turn              (no ring)

@: no status effects
A: fangs 3, see invisible, unbreathing
a: no special abilities


You were on level 1 of the Dungeon.
You were not thirsty.

You visited 1 branch of the dungeon, and saw 1 of its levels.

You collected 13 gold pieces.

Inventory:

Armour
 a - a +0 robe (worn)
Scrolls
 b - a scroll of teleportation {unknown}
 d - a scroll of identify {unknown}
Potions
 c - 3 potions of blood


   Skills:
 + Level 2.2 Dodging
 + Level 3.0 Stealth
 + Level 0.1 Unarmed Combat
 + Level 2.0 Spellcasting
 + Level 4.3 Summonings


You had 3 spell levels left.
You knew the following spells:

 Your Spells              Type           Power        Failure   Level  Hunger
a - Summon Small Mammal   Summ           ###.         3%          1    #......

Your spell library contained the following spells:

 Spells                   Type           Power        Failure   Level  Hunger
 Call Imp                 Summ           ###.....     4%          2    ###....
 Call Canine Familiar     Summ           ###.....     10%         3    ###....
 Summon Guardian Golem    Hex/Summ       #.......     24%         3    ###....
 Summon Ice Beast         Ice/Summ       #.......     61%         4    #####..
 Summon Lightning Spire   Summ/Air       #.......     61%         4    #####..


Dungeon Overview and Level Annotations

Branches:
Dungeon (1/15)

Altars:


Innate Abilities, Weirdness & Mutations

You have razor-sharp teeth.
You have supernaturally acute eyesight. (SInv)
You can survive without breathing.


Message History

The dart slug launches a dart at you. The slug dart hits you!
You hit the dart slug.
The dart slug is moderately wounded.
You hit the dart slug but do no damage.
The dart slug is moderately wounded.
The dart slug launches a dart at you. The slug dart misses you.
You hit the dart slug.
The dart slug is heavily wounded.
The dart slug launches a dart at you. The slug dart hits you!
* * * LOW HITPOINT WARNING * * *
You barely miss the dart slug.
The dart slug is heavily wounded.
Casting: Summon Small Mammal (safe; 3% risk of failure)
Confirm with . or Enter, or press ? or * to list all spells.
The dart slug launches a dart at you. The slug dart hits you!
You die...

##.#####.## #.####
##.......## #.#
################.#
# ###.....(.# #
#.#####.# .# #.#
.# #.# .# #b# #@#
.......w#
#########


You could see a dart slug and a friendly bat.

Vanquished Creatures
  A dart slug (D:1)
  A goblin (D:1)
  A hobgoblin (D:1)
  A kobold (D:1)
  A rat (D:1)
5 creatures vanquished.

Vanquished Creatures (collateral kills)
  A kobold (D:1)
1 creature vanquished.

Grand Total: 6 creatures vanquished

Notes
Turn   | Place    | Note
-------+----------+-------------------------------------------
     0 | D:1      | Adamkad1 the Vampire Summoner began the quest for the Orb.
     0 | D:1      | Reached XP level 1. HP: 13/13 MP: 3/3
   905 | D:1      | Killed from afar by a dart slug

Vault maps used:
D:1:      psy_arrival_fountain, serial_co_window_serial, co_window_paths_a,
          co_window_paths_a, co_window_paths_b, co_window_paths_b,
          co_window_paths_a, co_window_corner_a, co_window_corner_a,
          co_window_2corner, co_window_cross_3, co_window_2corner,
          co_window_corner_cb, glass_columns_a, glass_columns_c,
          glass_columns_b, glass_columns_b, glass_columns_b

Action                   || total
-------------------------++-------
Melee: Unarmed           ||    57
       Bite              ||     4
 Cast: Summon Small Mamm ||     5
 Stab: Sleeping          ||     2
Armor: Robe              ||     6
Dodge: Dodged            ||    29

Table legend:
 A = Non-vault XP
 B = Vault XP
 C = Vault XP percentage of total XP
 D = Non-vault monster count
 E = Vault monster count
 F = Vault count percentage of total count
                 A         B        C        D         E       F
            +---------+---------+-------+---------+---------+-------
      Total |      11 |       0 |   0.0 |       6 |       0 |   0.0
            +---------+---------+-------+---------+---------+-------
        D:1 |      11 |       0 |   0.0 |       6 |       0 |   0.0
            +---------+---------+-------+---------+---------+-------
